AoeStats
← Generation Kill

Black Forest

509650438Analyzed
4v4 RM · 6d ago on Sep 27, 2026· 50m 22s· 8 players
Game mode
Random Map
Map size
Large (8 player)
Population
200
Speed
Normal
Resources
Standard
Victory
Conquest
Starting age
Dark Age
Ending age
Imperial Age
RankedLock teamsTeams togetherTeam positionsShared explorationLock speedFull tech treeHidden civsTurbo modeCheats
Victory
Defeat
🇩🇪 Turks · Germany
1171
+14
🇸🇪 Varangians · Sweden
1170
+14
🇹🇼 Tupi · Taiwan
1153
+15
🇨🇳 Bohemians · China
1148
+15
🇨🇳 Bengalis · China
1180
-16
🇨🇳 Varangians · China
1143
-15
🇨🇳 Britons · China
1140
-14
🇨🇳 Byzantines · China
1080
-13
新手村天幕星
12:42 Feudal Age
12:57 Man-at-Arms
14:04 Arson
14:02 Horse Collar
14:33 Double-Bit Axe
22:15 Castle Age
28:19 Bow Saw
28:12 Caravan
30:00 Fervor
30:01 Heavy Plow
33:24 Imperial Age
31:31 Wheelbarrow
31:54 Squires
32:06 Scale Mail Armor
32:57 Loom
34:39 Chemistry
34:01 Ballistics
33:22 Pikeman
34:18 Forging
34:23 Chain Mail Armor
34:45 Conscription
34:49 Halberdier
35:49 Town Watch
37:07 Iron Casting
36:54 Chain Mail Armor
37:40 Bombard Tower
38:37 Murder Holes
39:00 Hand Cart
40:47 Fletching
41:38 Coinage
41:13 Padded Archer Armor
42:16 Blast Furnace
41:46 Plate Mail Armor
41:56 Bodkin Arrow
44:41 Plate Mail Armor
48:25 Two-Man Saw
48:00 Guilds
48:21 Coinage
48:24 Bracer
48:25 Padded Archer Armor
48:56 Elite Skirmisher
Generation Kill
7:05 Loom
11:19 Feudal Age
15:56 Castle Age
14:25 Double-Bit Axe
17:11 Bow Saw
18:51 Horse Collar
21:55 Heavy Plow
24:09 Wheelbarrow
23:35 Gold Mining
24:56 Caravan
25:02 Caravan
25:42 Stone Mining
27:13 Hand Cart
29:25 Stone Shaft Mining
31:29 Imperial Age
28:46 Town Watch
29:19 Husbandry
29:29 Bloodlines
29:34 Scale Mail Armor
29:42 Scale Barding Armor
29:47 Forging
31:40 Chain Barding Armor
31:56 Iron Casting
31:38 Cavalier
33:51 Plate Barding Armor
34:24 Vendel Legacy
35:25 Conscription
36:13 Blast Furnace
37:15 Gothikon
41:17 Pikeman
41:57 Squires
42:02 Scale Mail Armor
42:43 Masonry
42:54 Ballistics
43:17 Halberdier
43:43 Arson
46:44 Two-Man Saw
47:50 Coinage
只會5TC
5:47 Loom
10:00 Feudal Age
14:34 Castle Age
13:14 Double-Bit Axe
13:10 Horse Collar
20:11 Pikeman
22:54 Squires
27:58 Imperial Age
26:08 Wheelbarrow
25:56 Forging
25:46 Scale Mail Armor
26:22 Bow Saw
26:12 Heavy Plow
26:03 Gold Mining
27:08 Hand Cart
28:33 Iron Casting
28:13 Chain Mail Armor
30:04 Two-Man Saw
29:41 Gold Shaft Mining
30:22 Halberdier
32:23 Town Watch
33:10 Plate Mail Armor
32:08 Capped Ram
34:32 Town Patrol
33:58 Siege Ram
37:13 Arson
ugurito
11:37 Feudal Age
16:10 Castle Age
14:37 Double-Bit Axe
15:12 Horse Collar
19:10 Loom
23:44 Heavy Plow
24:13 Bow Saw
29:48 Imperial Age
27:48 Fletching
28:52 Town Watch
29:43 Wheelbarrow
29:06 Bodkin Arrow
29:48 Gold Mining
31:10 Artillery
31:57 Conscription
34:07 Gold Shaft Mining
34:43 Bracer
35:07 Bombard Tower
36:00 Scale Barding Armor
36:56 Caravan
38:34 Ballistics
38:40 Chain Barding Armor
42:52 Plate Barding Armor
43:10 Forging
43:16 Bloodlines
43:07 Husbandry
45:27 Murder Holes
49:44 Stone Mining
Dio
0:43 Loom
12:10 Feudal Age
16:50 Castle Age
19:58 Double-Bit Axe
22:14 Horse Collar
25:52 Fletching
31:26 Imperial Age
29:14 Gold Mining
29:15 Stone Mining
30:25 Bodkin Arrow
30:33 Padded Archer Armor
31:42 Wheelbarrow
31:54 Caravan
32:58 Gold Shaft Mining
32:57 Bow Saw
33:16 Bracer
33:58 Conscription
34:13 Yeomen
35:14 Chemistry
35:22 Ballistics
35:51 Hand Cart
37:55 Two-Man Saw
37:17 Elite Longbowman
38:38 Leather Archer Armor
39:39 Warwolf
40:00 Siege Engineers
42:35 Hoardings
43:42 Coinage
45:14 Banking
44:30 Pikeman
45:11 Squires
45:23 Forging
45:13 Scale Mail Armor
45:44 Ring Archer Armor
47:19 Halberdier
49:26 Capped Ram
咬不断的痰
11:21 Feudal Age
14:55 Castle Age
13:38 Double-Bit Axe
16:19 Bow Saw
17:35 Wheelbarrow
18:00 Horse Collar
21:14 Husbandry
21:28 Bloodlines
21:38 Husbandry
27:32 Heavy Plow
27:27 Gold Mining
27:40 Vendel Legacy
32:25 Imperial Age
32:20 Forging
32:16 Scale Barding Armor
32:38 Hand Cart
32:11 Vendel Legacy
33:39 Elite Jarl
35:15 Chain Barding Armor
35:31 Iron Casting
35:35 Conscription
34:40 Gothikon
36:17 Crop Rotation
36:12 Guilds
37:06 Murder Holes
40:40 Cavalier
40:48 Light Cavalry
41:48 Squires
41:08 Pikeman
41:12 Elite Varangian Guard
41:44 Loom
42:39 Hussar
45:28 Blast Furnace
45:04 Plate Barding Armor
45:33 Blast Furnace
夏威
1:13 Loom
11:09 Feudal Age
16:04 Castle Age
14:15 Double-Bit Axe
17:38 Stone Mining
23:39 Squires
25:22 Bow Saw
26:40 Stone Shaft Mining
28:42 Wheelbarrow
29:36 Scale Barding Armor
31:55 Gold Mining
33:39 Hand Cart
34:21 Padded Archer Armor
34:12 Fletching
34:19 Elite Skirmisher
36:07 Ballistics
36:45 Murder Holes
37:22 Leather Archer Armor
37:03 Bodkin Arrow
40:04 Pikeman
40:30 Gambesons
40:47 Squires
48:38 Imperial Age
98kar
2:38 Loom
10:36 Feudal Age
14:08 Castle Age
14:00 Double-Bit Axe
17:18 Horse Collar
21:12 Heavy Plow
21:24 Bow Saw
21:42 Stone Mining
22:45 Gold Mining
24:34 Wheelbarrow
24:41 Wheelbarrow
24:48 Gold Shaft Mining
24:55 Scale Barding Armor
25:00 Forging
27:54 Iron Casting
27:39 Chain Barding Armor
30:17 Imperial Age
29:00 Hand Cart
28:31 Loom
29:34 Husbandry
29:44 Bloodlines
30:41 Paiks
30:21 Elite Battle Elephant
31:43 Plate Barding Armor
32:08 Blast Furnace
32:50 Two-Man Saw
32:23 Conscription
33:41 Crop Rotation
34:33 Caravan
35:03 Coinage
36:17 Mahayana
37:29 Banking
37:09 Guilds
39:50 Pikeman
40:31 Squires
40:33 Scale Mail Armor
40:26 Fletching
41:45 Bodkin Arrow
44:34 Man-at-Arms
49:58 Ballistics
50:39 Chemistry
Connection lost

Rejoining the realm…

Still unreachable

The connection could not be restored.

Session expired

The server has moved on; the page needs a fresh start.